 Dungeon Crawl Stone Soup version 0.21-a0-584-g185da8e1cd (webtiles) character file.

41298 Banto the Geomancer (level 13, -5/91 HPs)
             Began as a Demigod Wanderer on Dec 21, 2017.
             Slain by Rupert
             ... wielding a +3 great sword of freezing
              (19 damage)
             ... on level 4 of the Lair of Beasts.
             The game lasted 00:51:08 (24101 turns).

Banto the Geomancer (Demigod Wanderer)             Turns: 24101, Time: 00:51:08

Health: -5/91      AC: 17    Str: 20    XL:     13   Next: 43%
Magic:  12/19      EV: 11    Int: 27    God:
Gold:   749        SH:  0    Dex: 13    Spells: 2/15 levels left

rFire    . . .     SeeInvis .   u - +4 Vampire's Tooth {vamp}
rCold    . . .     Gourm    .   (no shield)
rNeg     + + +     Faith    .   b - +5 ring mail of Undesirable Species {*Drain +Inv rN+++ Stlth-}
rPois    +         Spirit   .   (no helmet)
rElec    .         Reflect  .   N - +2 cloak
rCorr    .         Harm     .   z - +0 pair of gloves
MR       +....                  d - +2 pair of boots
Stlth    ++++......             D - amulet of regeneration
HPRegen  0.65/turn              M - ring of the Modern Cities {rPois Str+6}
MPRegen  0.16/turn              y - ring of stealth

@: no status effects
A: high mp 1
a: Evoke Invisibility


You were on level 4 of the Lair of Beasts.
You were not hungry.

You visited 3 branches of the dungeon, and saw 17 of its levels.
You also visited: Sewer and Bailey.

You collected 1204 gold pieces.
You spent 455 gold pieces at shops.

Inventory:

Hand Weapons
 u - the +4 Vampire's Tooth (weapon) {vamp}
   (You found it on level 4 of the Dungeon)

   It inflicts no extra harm, but heals its wielder when it wounds a living foe.
Missiles
 h - 303 stones (quivered)
Armour
 b - the +5 ring mail of Undesirable Species (worn) {*Drain +Inv rN+++ Stlth-}
   (You found it on level 5 of the Dungeon)

   It renders you almost immune to negative energy.
   It lets you turn invisible.
   It causes draining when unequipped.
   It makes you less stealthy.
 d - a +2 pair of boots (worn)
 z - a +0 pair of gloves (worn)
 F - the +1 leather armour of Conscience {+Fly rF+ MR+ rCorr}
   (You found it on level 7 of the Dungeon)

   It protects you from fire.
   It affects your resistance to hostile enchantments.
   It lets you fly.
   It protects you from acid and corrosion.
 N - a +2 cloak (worn)
 S - the cursed +1 robe of Happiness {+Blink rC+, unknown}
   (You found it on level 3 of the Lair of Beasts)

   It protects you from cold.
   It lets you blink.
   It has a curse placed upon it.
Magical Staves
 T - an uncursed staff of poison {unknown}
Jewellery
 a - the amulet of Zajaem {Spirit rElec Int+2}
   (You found it on level 5 of the Dungeon)

   [amulet of guardian spirit]

   It causes incoming damage to be split between your health and magic.
   It affects your intelligence (+2).
   It insulates you from electricity.
 k - an uncursed ring of positive energy
 y - a ring of stealth (right hand)
 D - an amulet of regeneration (around neck)
 M - the ring of the Modern Cities (left hand) {rPois Str+6}
   (You found it on level 10 of the Dungeon)

   [ring of poison resistance]

   It affects your strength (+6).
   It protects you from poison.
 Q - a +5 amulet of reflection
Wands
 q - a wand of paralysis (9)
 t - a wand of iceblast (8)
 A - a wand of polymorph (13)
 C - a wand of enslavement (26)
 I - a wand of scattershot (5)
 L - a wand of random effects (36)
 P - a wand of flame (27)
Scrolls
 e - 4 scrolls of remove curse
 f - 4 scrolls of magic mapping
 i - a scroll of amnesia
 s - 9 scrolls of teleportation
 x - 3 scrolls of blinking
 B - 2 scrolls of enchant weapon
 J - 2 scrolls of enchant armour
 O - 2 scrolls of fog
 R - a scroll of brand weapon
Potions
 c - 3 potions of lignification
 j - a potion of agility
 l - 11 potions of heal wounds
 m - a potion of brilliance {unknown}
 n - a potion of mutation {unknown}
 o - 8 potions of curing
 p - 2 potions of magic
 r - 5 potions of flight
 w - a potion of resistance {unknown}
 E - 3 potions of might
 G - 3 potions of ambrosia
 H - 2 potions of haste
 K - a potion of berserk rage {unknown}
Books
 v - the Grimoire of the Learner
   (You found it on level 11 of the Dungeon)

   Spells                             Type                      Level
   a - Infusion                       Charms                       1
   b - Iskenderun's Battlesphere      Conjuration/Charms           5
   c - Lee's Rapid Deconstruction     Earth                        5
   d - Shatter                        Earth                        9
Miscellaneous
 U - a fan of gales
Comestibles
 g - 31 rations


   Skills:
 - Level 2.0 Fighting
 - Level 10.2 Short Blades
   Level 1.0 Polearms
 - Level 1.0 Throwing
 - Level 2.2 Dodging
 - Level 12.5 Stealth
 - Level 1.7 Spellcasting
 - Level 8.0 Conjurations
 + Level 13.3 Earth Magic
 - Level 2.6 Poison Magic


You had 2 spell levels left.
You knew the following spells:

 Your Spells              Type           Power        Failure   Level  Hunger
a - Sting                 Conj/Pois      ####         1%          1    #......
b - Sandblast             Erth           ######       1%          1    #......
c - Stone Arrow           Conj/Erth      ######       1%          3    ###....
d - Mephitic Cloud        Conj/Pois/Air  ###.....     12%         3    ###....
e - Lee's Rapid Deconstr  Erth           ######....   1%          5    ######.


Dungeon Overview and Level Annotations

Branches:
Dungeon (12/15)            Temple (1/1) D:7            Lair (4/6) D:9
  Swamp (0/4) Lair:2       Spider (0/4) Lair:3          Orc (0/2) D:12

Shops:
D:6 *   D:10 [   D:12 %

Annotations:
D:8 Gastronok
D:9 Lifeless's ghost, journeyman MfGl
D:12 6 runed doors
Lair:1 exclusion: oklob plant
Lair:4 Rupert


Innate Abilities, Weirdness & Mutations

You have an increased reservoir of magic. (+10% MP)


Message History

You barely miss Rupert.
Rupert is moderately wounded.
Rupert is engulfed in noxious fumes.
You hit Rupert.
Rupert is moderately wounded.
You hit Rupert but do no damage.
Rupert is moderately wounded.
Rupert is engulfed in noxious fumes.
You hit Rupert but do no damage.
Rupert is moderately wounded.
Rupert hits you with a great sword of freezing!!!
* * * LOW HITPOINT WARNING * * *
Rupert freezes you!
* * * LOW HITPOINT WARNING * * *
You take 56 damage, and have 12/91 hp.
MASSIVE DAMAGE!!
You are too injured to fight recklessly!
You are too injured to fight recklessly!
Rupert seems less confused.
Rupert hits you with a great sword of freezing!!
You die...

#...#.##......###
#....####.....# #
###.P#.#...#.## #
#.......#.## #
###......### ≈ ##
#.........# ##
#.##.#.......#
##...#.........
#.@####.........
#P@####..........
##...#...........
#.....(.....#
#..##..#.##..
#.## .).# ## .##
. ##


You could see Rupert (berserk).

Vanquished Creatures
  Frances (D:12)
  6 hydras
  10 two-headed ogres
  Urug (Lair:3)
  Sonja (D:12)
  Nergalle (Lair:4)
  2 unseen horrors
  An orc knight (D:12)
  The ghost of brujo666 the Slasher, a novice GnWn of Hepliaklqana (D:5)
  A manticore (D:11)
  2 ugly things
  A torpor snail (Lair:4)
  3 elephants (Lair:2)
  A black mamba (Lair:2)
  Psyche (D:8)
  A gargoyle (D:10)
  2 komodo dragons (Lair:1)
  5 spiny frogs
  12 rime drakes
  A hornet (D:11)
  2 trolls
  Grinder (D:3)
  Prince Ribbit (D:8)
  A tyrant leech (Lair:2)
  4 blink frogs (Lair:2)
  7 hippogriffs
  2 dream sheep (Lair:4)
  A slime creature (D:12)
  4 hogs (D:9)
  The ghost of Banto the Skirmisher, an amateur DgWn (D:3)
  15 yaks
  A basilisk (Lair:2)
  A human (D:9)
  A hungry ghost (D:12)
  8 steam dragons
  A swamp worm (Lair:2)
  6 water moccasins
  An acid dragon (D:11)
  12 porcupines
  Duvessa (D:4)
  2 orc warriors
  2 ice beasts
  A sky beast (D:12)
  A phantom (D:7)
  3 ogres
  11 wolves
  2 centaurs (D:5)
  5 crocodiles
  A big kobold (Sewer)
  13 bullfrogs
  Blork the orc (D:5)
  A gnoll sergeant (D:9)
  A water moccasin zombie (D:8)
  A wyvern zombie (D:6)
  Dowan (D:4)
  8 scorpions
  21 killer bees (Lair:1)
  5 wights
  6 howler monkeys
  2 vampire bats (D:4)
  9 crimson imps
  2 bullfrog zombies
  2 centaur zombies
  A jelly (D:10)
  A quasit (D:7)
  5 hounds
  5 orc priests
  A bullfrog skeleton (D:8)
  3 centaur skeletons
  7 orc wizards
  4 iguanas
  Jessica (D:2)
  Ijyb (D:3)
  6 worker ants
  A killer bee zombie (D:9)
  The ghost of Banto the Skirmisher, a weakling DgWn (D:4)
  2 hound zombies
  A hound skeleton (D:4)
  A worker ant zombie (D:6)
  A howler monkey skeleton (D:9)
  17 gnolls
  18 adders
  5 river rats (Sewer)
  3 shadow imps
  2 oozes
  2 adder skeletons
  3 worms
  3 dart slugs
  5 leopard geckos
  35 orcs
  8 ball pythons
  16 bats
  4 giant cockroaches
  11 goblins
  7 hobgoblins
  5 jackals
  3 quokkas
  5 frilled lizards
  28 kobolds
  A quokka skeleton (D:8)
  26 rats
475 creatures vanquished.

Vanquished Creatures (collateral kills)
  A queen bee (Lair:1)
  2 killer bees (Lair:1)
3 creatures vanquished.

Vanquished Creatures (others)
  A killer bee (Lair:1)
  A hobgoblin (D:2)
  A frilled lizard (D:2)
  8 fungi
  5 plants
16 creatures vanquished.

Grand Total: 494 creatures vanquished

Notes
Turn   | Place    | Note
-------+----------+-------------------------------------------
     0 | D:1      | Banto the Demigod Wanderer began the quest for the Orb.
     0 | D:1      | Banto set off with: a Young Poisoner's Handbook, the Almanac of Stones, a potion of lignification, a +0 robe, a +0 club, a +0 dagger, a ration
     0 | D:1      | Reached XP level 1. HP: 14/14 MP: 5/5
     0 | D:1      | Identified the Almanac of Stones
     2 | D:1      | Learned a level 1 spell: Sting
     4 | D:1      | Learned a level 1 spell: Sandblast
   267 | D:1      | Reached skill level 1 in Conjurations
   290 | D:1      | Reached skill level 1 in Earth Magic
   292 | D:1      | Reached XP level 2. HP: 20/20 MP: 2/7
   661 | D:2      | Noticed Jessica
   671 | D:2      | Killed Jessica
   671 | D:2      | Reached skill level 2 in Earth Magic
   671 | D:2      | Reached XP level 3. HP: 25/26 MP: 3/8
  1472 | D:3      | Reached XP level 4. HP: 32/33 MP: 9/9
  1800 | D:3      | Found a glowing drain.
  1900 | Sewer    | Entered a sewer
  2182 | Sewer    | Reached skill level 3 in Earth Magic
  2210 | Sewer    | Reached XP level 5. HP: 17/38 MP: 10/10
  2990 | Sewer    | Learned a level 3 spell: Stone Arrow
  3575 | D:3      | Noticed Banto's ghost (amateur DgWn)
  3588 | D:2      | Reached XP level 6. HP: 29/45 MP: 8/11
  3698 | D:2      | Learned a level 3 spell: Mephitic Cloud
  3980 | D:3      | Reached skill level 4 in Earth Magic
  4151 | D:3      | Killed Banto's ghost
  4212 | D:3      | Noticed Ijyb
  4303 | D:3      | Killed Ijyb
  4533 | D:3      | Noticed Grinder
  4540 | D:3      | Killed Grinder
  4540 | D:3      | Reached skill level 5 in Conjurations
  4540 | D:3      | Reached skill level 5 in Earth Magic
  4540 | D:3      | Reached XP level 7. HP: 50/50 MP: 7/12
  4888 | D:4      | Found an ancient bone altar of Kikubaaqudgha.
  4906 | D:4      | Found a shattered altar of Ashenzari.
  4945 | D:4      | Noticed Duvessa
  4945 | D:4      | Noticed Dowan
  4988 | D:4      | Killed Duvessa
  5125 | D:4      | Killed Dowan
  5314 | D:4      | Reached skill level 6 in Earth Magic
  5330 | D:4      | Found the +4 Vampire's Tooth {vamp}
  5578 | D:4      | Noticed Banto's ghost (weakling DgWn)
  5582 | D:4      | Killed Banto's ghost
  5582 | D:4      | Reached XP level 8. HP: 57/57 MP: 9/13
  5708 | D:5      | Entered Level 5 of the Dungeon
  5886 | D:5      | Noticed Blork the orc
  5900 | D:5      | Killed Blork the orc
  5926 | D:5      | Got a shimmering silver amulet
  5927 | D:5      | Identified the amulet of Zajaem {Spirit rElec Int+2} (You found it on level 5 of the Dungeon)
  6134 | D:5      | Noticed brujo666's ghost (novice GnWn)
  6424 | D:5      | Killed brujo666's ghost
  6424 | D:5      | Reached skill level 7 in Earth Magic
  6916 | D:5      | Got a fine ring mail
  7319 | D:5      | Found an iron altar of Okawaru.
  8827 | D:6      | Found Naxez's Assorted Antiques.
  8846 | D:6      | Bought a dented filigree amulet for 140 gold pieces
  8846 | D:6      | Bought 2 murky grey potions for 50 gold pieces
  8846 | D:6      | Bought a scroll labeled WAKKOP XODYLU for 28 gold pieces
  8846 | D:6      | Bought a scroll of identify for 56 gold pieces
  8889 | D:6      | Found a glowing golden altar of the Shining One.
  8910 | D:6      | Found a sparkling altar of Nemelex Xobeh.
  9036 | D:6      | Found a blossoming altar of Fedhas.
  9356 | D:7      | Reached XP level 9. HP: 57/62 MP: 14/14
  9387 | D:7      | Identified the +5 ring mail of Undesirable Species {*Drain +Inv rN+++ Stlth-} (You found it on level 5 of the Dungeon)
  9435 | D:7      | Reached skill level 8 in Earth Magic
  9547 | D:7      | Reached skill level 1 in Fighting
  9750 | D:7      | Found a bloodstained altar of Trog.
  9824 | D:7      | Got a twisted leather armour
  9874 | D:7      | Reached skill level 1 in Short Blades
  9925 | D:7      | Found a staircase to the Ecumenical Temple.
  9943 | Temple   | Entered the Ecumenical Temple
 10113 | D:7      | Found a hide-covered altar of Uskayaw.
 10228 | D:8      | Noticed Prince Ribbit
 10234 | D:8      | Killed Prince Ribbit
 10298 | D:8      | Found a glowing silver altar of Zin.
 10350 | D:8      | Noticed Gastronok
 10567 | D:8      | Found a flagged portal.
 10625 | Bailey   | Entered a bailey
 11192 | D:8      | Found a shimmering altar of Xom.
 11233 | D:9      | Noticed Lifeless's ghost (journeyman MfGl)
 11237 | D:8      | Noticed a two-headed ogre
 11289 | D:8      | Killed a two-headed ogre
 11289 | D:8      | Reached skill level 5 in Stealth
 11297 | D:8      | Noticed Psyche
 11304 | D:8      | Killed Psyche
 11304 | D:8      | Reached skill level 5 in Short Blades
 11304 | D:8      | Reached XP level 10. HP: 72/73 MP: 1/15
 11308 | D:8      | Got a shimmering rapier {antimagic}
 11349 | D:8      | Found a snail-covered altar of Cheibriados.
 11357 | D:8      | Noticed a two-headed ogre
 11365 | D:8      | Killed a two-headed ogre
 11457 | D:8      | Identified the +4 rapier of Teaff {antimagic, rPois Str+6 Dex+3} (You took it off a crimson imp on level 8 of the Dungeon)
 12313 | D:9      | Found a staircase to the Lair.
 12313 | D:9      | Noticed a two-headed ogre
 12313 | D:9      | Noticed a two-headed ogre
 12348 | D:9      | Killed a two-headed ogre
 12510 | D:9      | Killed a two-headed ogre
 13084 | D:9      | Found a bloodstained altar of Trog.
 13572 | D:10     | Entered Level 10 of the Dungeon
 13710 | D:10     | Identified the +1 leather armour of Conscience {+Fly rF+ MR+ rCorr} (You found it on level 7 of the Dungeon)
 13728 | D:10     | Got a faintly glowing turquoise ring
 13754 | D:10     | Reached XP level 11. HP: 71/79 MP: 15/17
 13855 | D:10     | Identified the ring of the Modern Cities {rPois Str+6} (You found it on level 10 of the Dungeon)
 14559 | D:10     | Killed an unseen horror
 14658 | D:10     | Found Tuneluce's Armour Shop.
 14666 | D:10     | Bought a +2 pair of boots for 181 gold pieces
 15501 | D:11     | Identified the Grimoire of the Learner
 15666 | D:11     | Noticed a two-headed ogre
 15675 | D:11     | Noticed a two-headed ogre
 15678 | D:11     | Killed a two-headed ogre
 15686 | D:11     | Killed a two-headed ogre
 15686 | D:11     | Reached skill level 10 in Stealth
 15946 | D:11     | Noticed a two-headed ogre
 15976 | D:11     | Killed a two-headed ogre
 16449 | D:12     | Noticed Sonja
 16452 | D:12     | Killed Sonja
 16529 | D:12     | Found a staircase to the Orcish Mines.
 16539 | D:12     | Noticed a two-headed ogre
 16711 | D:12     | Killed a two-headed ogre
 16750 | D:12     | Found Likijyg's Food Emporium.
 17093 | D:12     | Killed an unseen horror
 17165 | D:12     | Noticed a frost giant
 17377 | D:12     | Noticed Frances
 17432 | D:12     | Killed Frances
 17432 | D:12     | Reached skill level 10 in Short Blades
 17446 | D:12     | Learned a level 5 spell: Lee's Rapid Deconstruction
 17451 | D:12     | Noticed a two-headed ogre
 17452 | D:12     | Noticed a two-headed ogre
 17479 | D:12     | Killed a two-headed ogre
 17479 | D:12     | Reached XP level 12. HP: 58/85 MP: 10/18
 17661 | D:12     | Found a runed gate.
 17661 | D:12     | Found a runed gate.
 17661 | D:12     | Found a runed gate.
 17673 | D:12     | Noticed an ettin
 17703 | D:12     | Noticed a stone giant
 17707 | D:12     | Found a runed gate.
 17707 | D:12     | Found a runed gate.
 17707 | D:12     | Found a runed gate.
 17708 | D:12     | Noticed a tengu reaver
 18391 | Lair:1   | Entered Level 1 of the Lair of Beasts
 18391 | Lair:1   | Noticed a six-headed hydra
 18575 | D:9      | Killed a six-headed hydra
 19032 | Lair:1   | Noticed a six-headed hydra
 19149 | Lair:1   | Killed a six-headed hydra
 19299 | Lair:1   | Reached skill level 9 in Earth Magic
 20302 | Lair:2   | Reached skill level 10 in Earth Magic
 20608 | Lair:2   | Found a staircase to the Swamp.
 20729 | Lair:2   | Noticed an eight-headed hydra
 21251 | Lair:2   | Reached skill level 11 in Earth Magic
 21599 | Lair:2   | Killed an eight-headed hydra
 21782 | Lair:3   | Reached XP level 13. HP: 91/91 MP: 19/19
 22331 | Lair:3   | Reached skill level 12 in Earth Magic
 22582 | Lair:3   | Noticed Urug
 22593 | Lair:3   | Killed Urug
 22826 | Lair:3   | Found a hole to the Spider Nest.
 23006 | Lair:3   | Got a heavily jewelled robe
 23589 | Lair:4   | Noticed Nergalle
 23759 | Lair:4   | Killed Nergalle
 23759 | Lair:4   | Reached skill level 13 in Earth Magic
 23959 | Lair:4   | Noticed Rupert
 24101 | Lair:4   | Slain by Rupert

Vault maps used:
D:1:      evilmike_arrival_plus, minmay_liquid_box, grunt_decor_arrowhead
D:2:      lemuel_flame_loot_1, uniq_jessica
D:3:      gup_sewer_entry_spiral, first_ration, uniq_grinder, uniq_ijyb
D:4:      cheibrodos_ashenzari_chains, lemuel_coloured_pillars_altar,
          minmay_guarded_unrand_vampires_tooth, uniq_duvessa
D:5:      okawaru_altar_gauntlet_db, uniq_blork_the_orc
D:6:      lemuel_round_altar, fedhas_altar_4, nicolae_overflow_hidden_temple,
          serial_shops, shop
D:7:      lemuel_round_altar, lemuel_doored_altar, minmay_temple_entry_poolview,
          grunt_ministairs_8
D:8:      kennysheep_little_box, kennysheep_mini, zin_statuary, enter_bailey_3,
          uniq_prince_ribbit1, uniq_gastronok, uniq_psyche
D:9:      lair_entry_dummy, grunt_livestock, trog_hazing_becter
D:10:     serial_shops, nicolae_shop_stone
D:11:     minmay_misc_feat_cross, kennysheep_generic_room_9
D:12:     kennysheep_treasure_stockpile, orc_0_dummy, serial_shops,
          nicolae_shop_window_shopping, uniq_frances, uniq_sonja
Temple:   jpeg_temple_clearing
Lair:1:   infiniplex_staircase_pool_2, minmay_lair_oklob_chamber,
          grunt_megastairs_5
Lair:2:   minmay_swamp_entry_worms, special_room, beast_lair_carwin_3
Lair:3:   dummy_spider_entry, bobbens_dragon_lair_wall, uniq_urug
Lair:4:   nicolae_volcano_entry_two_sided, lemuel_fruit_tree, uniq_nergalle,
          uniq_rupert, uniq_nessos
Sewer:    sewer_minmay_treatment
Bailey:   bailey_polearm_5, bailey

Skill      XL: |  1  2  3  4  5  6  7  8  9 10 11 12 13 |
---------------+----------------------------------------+-----
Conjurations   | 1 2 3 5 6 7 8 |  8.0
Earth Magic    | 1 2 3 5 6 7 8 11 13 | 13.3
Fighting       | 2 |  2.0
Dodging        | 2 |  2.2
Stealth        | 5 8 11 12 | 12.5
Short Blades   | 5 7 10 | 10.2
Polearms       | |  1.0
Throwing       | |  1.0
Spellcasting   | |  1.7
Poison Magic   | |  2.6

Action                   |  1- 3 |  4- 6 |  7- 9 | 10-12 | 13-15 || total
-------------------------+-------+-------+-------+-------+-------++-------
Melee: Club              |    14 |       |       |       |       ||    14
       Dagger            |    23 |   203 |   377 |  1075 |   259 ||  1937
 Cast: Sting             |    60 |    61 |   124 |    30 |       ||   275
       Sandblast         |     4 |    18 |    73 |    66 |    12 ||   173
       Stone Arrow       |       |       |     4 |    88 |    49 ||   141
       Mephitic Cloud    |       |       |     6 |    80 |    15 ||   101
       Lee's Rapid Decon |       |       |       |     2 |       ||     2
Evoke: Wand              |       |       |       |     1 |       ||     1
  Use: Scroll            |     5 |     4 |     8 |     5 |     1 ||    23
 Stab: Sleeping          |     2 |     4 |     3 |    18 |     2 ||    29
       Confused          |       |       |       |    52 |    10 ||    62
       Distracted        |       |       |       |     1 |       ||     1
  Eat: Chunk             |     2 |    12 |    14 |    35 |     7 ||    70
       Ration            |       |       |     3 |     7 |     2 ||    12
Armor: Robe              |    15 |    45 |    69 |       |       ||   129
       Ring mail         |       |       |    98 |   421 |   156 ||   675
Dodge: Dodged            |    32 |   143 |   243 |   465 |   104 ||   987

Table legend:
 A = Spawn XP
 B = Non-spawn XP
 C = Spawn XP percentage of total XP
 D = Spawn monster count
 E = Non-spawn monster count
 F = Spawn count percentage of total count
 G = Total turns spent on level
                    A         B        C        D         E        F      G
               +---------+---------+-------+---------+---------+-------+---------
         Total |       0 |   58998 |   0.0 |       0 |     479 |   0.0 | 24101
               +---------+---------+-------+---------+---------+-------+---------
           D:1 |       0 |      39 |   0.0 |       0 |      17 |   0.0 |   648
           D:2 |       0 |     105 |   0.0 |       0 |      19 |   0.0 |  1279
           D:3 |       0 |     732 |   0.0 |       0 |      40 |   0.0 |  1321
           D:4 |       0 |     677 |   0.0 |       0 |      25 |   0.0 |  1850
           D:5 |       0 |    1391 |   0.0 |       0 |      28 |   0.0 |  1849
           D:6 |       0 |      98 |   0.0 |       0 |       2 |   0.0 |  1007
           D:7 |       0 |    1003 |   0.0 |       0 |      28 |   0.0 |  1324
           D:8 |       0 |    4173 |   0.0 |       0 |      35 |   0.0 |  1406
           D:9 |       0 |    4845 |   0.0 |       0 |      41 |   0.0 |  2063
          D:10 |       0 |    2260 |   0.0 |       0 |      16 |   0.0 |  1577
          D:11 |       0 |    5167 |   0.0 |       0 |      22 |   0.0 |  1315
          D:12 |       0 |    9783 |   0.0 |       0 |      30 |   0.0 |  1738
        Lair:1 |       0 |    5078 |   0.0 |       0 |      42 |   0.0 |  1466
        Lair:2 |       0 |   10841 |   0.0 |       0 |      46 |   0.0 |  1908
        Lair:3 |       0 |    5677 |   0.0 |       0 |      20 |   0.0 |  1172
        Lair:4 |       0 |    6883 |   0.0 |       0 |      20 |   0.0 |   797
         Sewer |       0 |     246 |   0.0 |       0 |      48 |   0.0 |  1370
               +---------+---------+-------+---------+---------+-------+---------

Table legend:
 A = Turns spent in this place as a percentage of turns spent in the entire game.
 B = Non-inter-level travel turns spent in this place as a percentage of non-inter-level travel turns spent in the entire game.
 C = Inter-level travel turns spent in this place as a percentage of turns spent in this place.
 D = Turns resting spent in this place as a percentage of non-inter-level travel turns spent in this place.
 E = Turns spent auto-exploring this place as a percentage of non-inter-level travel turns spent in this place.
 F = Non-inter-level travel turns spent in this place divided by the number of levels of this place that you've seen.
                   A       B       C       D       E      F
               +-------+-------+-------+-------+-------+----------------------
         Total | 100.0 | 100.0 |   6.1 |  30.8 |  36.5 | 1190.8
       Dungeon |  72.1 |  71.2 |   7.3 |  30.5 |  39.3 | 1342.9
        Temple |   0.0 |   0.0 |   0.0 |   0.0 |   0.0 |   2.0
          Lair |  22.2 |  22.7 |   4.0 |  27.2 |  31.9 | 1282.5
         Sewer |   5.7 |   6.1 |   0.0 |  48.1 |  20.9 | 1370.0
        Bailey |   0.0 |   0.0 |   0.0 |   0.0 |   0.0 |   9.0
               +-------+-------+-------+-------+-------+----------------------

Table legend:
 A = Kills in this place as a percentage of kills in entire the game.
 B = Kills by you in this place as a percentage of kills by you in the entire game.
 C = Kills by friends in this place as a percentage of kills by friends in the entire game.
 D = Other kills in this place as a percentage of other kills in the entire game.
 E = Experience gained in this place as a percentage of experience gained in the entire game.
 F = Experience gained in this place divided by the number of levels of this place that you have seen.
                   A       B       C       D       E      F
               +-------+-------+-------+-------+-------+----------------------
         Total | 100.0 | 100.0 | 100.0 | 100.0 | 100.0 | 3105.2
       Dungeon |  63.3 |  64.6 |   0.0 |  20.0 |  51.3 | 2522.8
          Lair |  26.7 |  25.1 | 100.0 |  80.0 |  48.3 | 7119.8
         Sewer |  10.0 |  10.3 |   0.0 |   0.0 |   0.4 | 246.0
               +-------+-------+-------+-------+-------+----------------------
